 Dungeon Crawl Stone Soup version 0.30-a0-242-g7bf8e6d787 (webtiles) character file.

Game seed: 18075056890270890580

58 Sobieck the Shooter (level 3, -19/20 HPs)
             Began as a Deep Elf Hunter on Oct 11, 2022.
             Engulfed by a cloud of flame (21 damage)
             ... on level 5 of the Dungeon.
             The game lasted 00:02:48 (1360 turns).

Sobieck the Shooter (Deep Elf Hunter)               Turns: 1360, Time: 00:02:49

Health: -19/20     AC:  4    Str:  8    XL:     3   Next: 76%
Magic:  5/5        EV: 12    Int: 13    God:
Gold:   76         SH:  0    Dex: 20    Spells: 2/2 levels left

rFire   . . .      SeeInvis .    a - +0 shortbow {bow}
rCold   . . .      Faith    .    (shield currently unavailable)
rNeg    . . .      Spirit   .    c - +0 leather armour
rPois   .          Reflect  .    (no helmet)
rElec   .          Harm     .    (no cloak)
rCorr   .          Rampage  .    (no gloves)
Will    .....                    i - +0 pair of boots
Stlth   ++........               v - amulet of magic regeneration {@e2}
HPRegen 0.23/turn                (no ring)
MPRegen 0.49/turn                (no ring)

@: no status effects
A: no striking features
a: no special abilities


You were on level 5 of the Dungeon.
You visited 2 branches of the dungeon, and saw 5 of its levels.

You collected 76 gold pieces.


   Skills:
 - Level 1.5 Fighting
 + Level 7.2 Ranged Weapons
 - Level 2.4 Dodging
 - Level 1.2 Stealth


You had 2 spell levels left.
You didn't know any spells.
Your spell library contained the following spells:

 Spells                   Type           Power      Damage    Failure   Level
 Apportation              Tloc           0%         N/A       41%         1
 Kiss of Death            Conj/Necr      0%         2d5       41%         1
 Necrotise                Necr           0%         1d4       41%         1
 Summon Small Mammal      Summ           0%         N/A       41%         1
 Blink                    Tloc           0%         N/A       56%         2
 Momentum Strike          Conj/Tloc      0%         3d8       56%         2
 Confusing Touch          Hex            0%         N/A       80%         3
 Lesser Beckoning         Tloc           0%         N/A       80%         3
 Dispel Undead            Necr           0%         3d6       99%         4

Inventory:

Hand Weapons
 a - a +0 shortbow (weapon) {bow}
 l - a +2 whip of draining {mace}
   (You took it off a kobold on level 2 of the Dungeon)
Missiles
 g - 25 stones {throwing}
 t - 2 poisoned darts {throwing}
Armour
 c - a +0 leather armour (worn)
 i - a +0 pair of boots (worn)
   (You found it on level 1 of the Dungeon)
 s - a +0 scale mail
   (You found it on level 2 of the Dungeon)
Jewellery
 n - a ring of magical power
   (You found it on level 2 of the Dungeon)
 v - an amulet of magic regeneration (around neck) {@e2}
   (You found it on level 3 of the Dungeon)
Scrolls
 b - a scroll of immolation {!r!r}
 d - a scroll of blinking {!r}
 e - 2 scrolls of butterflies {unknown}
 f - 4 scrolls of teleportation {unknown}
 j - a scroll of identify {unknown}
 m - 2 scrolls of noise {unknown}
 p - a scroll of silence {unknown}
 q - a scroll of vulnerability {unknown}
 r - a scroll of torment {unknown}
 u - a scroll of amnesia {unknown}
Potions
 h - 2 potions of curing {unknown}
 k - a potion of cancellation {unknown}
 o - 2 potions of heal wounds {unknown}

Dungeon Overview and Level Annotations

Branches:
Dungeon (5/15) Zot: 22673  Temple (1/1) D:5 Zot: 5943

Altars:
Ashenzari
Cheibriados
Dithmenos
Elyvilon
Gozag
Kikubaaqudgha
Nemelex Xobeh
Ru
Trog
Uskayaw
Xom
Yredelemnul
Zin
Ignis

Annotations:
D:2 1 runed translucent door, Crazy Yiuf

# ##### .### ...#
####...##
##.#######.......# .
#................. ..
#.......§§@......# ...
#..>.....§§......# ...#
#.......§§§......#
.....
#.........########
.....##.........#
.........########
....[....#############
.....................##
......................#


There were no monsters in sight!


Message History

You climb downwards.
Welcome to the Ecumenical Temple!
Found a shadowy altar of Dithmenos and a bloodstained altar of Trog.
There is a staircase back to the Dungeon here.
Unknown command.
Unknown command.
You open the door.
There is an open door here.
Found four altars.
Unknown command.
Found a sparkling altar of Nemelex Xobeh.
Unknown command.
There is a fountain of clear blue water here.
There is a fountain of clear blue water here.
There is a staircase back to the Dungeon here.
Found four altars.
Unknown command.
Found a glowing silver altar of Zin.
Unknown command.
There is a fountain of clear blue water here.
There is a fountain of clear blue water here.
There is an open door here.
Found a candlelit altar of Ignis.
Unknown command.
There is an empty arch of ancient stone here.
Done exploring.
Unknown command.
Done exploring.
Unknown command.
Unknown command.
Unknown command.
Unknown command.
There is a candlelit altar of Ignis here.
Why would you want to do that? Why would you want to do that?
There is an empty arch of ancient stone here.
You are caught in the web!
There is a web here.
You disentangle yourself.
Unknown command.
There is an open door here.
There is a staircase back to the Dungeon here.
Unknown command.
You climb upwards.
Welcome back to the Dungeon!
The ice beast hits you but does no damage.
There is a staircase to the Ecumenical Temple here.
Danger!
Unknown command.
Unknown command.
Unknown command.
Really read
d - 2 scrolls of blinking {!r}?
Blink to where?
Press: ? - help, Dir - move target
As you read the scroll of blinking {!r}, it crumbles to dust.
Unknown command.
Danger!
Okay, then.
Really read
b - 2 scrolls of immolation {!r!r}?
Really read the scroll of immolation? [Y]es or [N]o only, please.
Really read the scroll of immolation?
As you read the scroll of immolation {!r!r}, it crumbles to dust.
The creatures around you are filled with an inner flame!
Fire: a) +0 shortbow {bow}
Press: ? - help, Q - select action, (/) - cycle Shift-Dir - straight line, f - ice beast
Aim: an ice beast (inner flame, 65% to hit)
You shoot an arrow. The arrow hits the ice beast.
Flame seeps out of the ice beast.
The ice beast is engulfed in blazing flames.
Flame seeps out of the ice beast.
Fire: a) +0 shortbow {bow}
Press: ? - help, Q - select action, (/) - cycle Shift-Dir - straight line, f/p - ice beast
Aim: an ice beast (heavily wounded, inner flame, 65% to hit)
You shoot an arrow.
The arrow hits the ice beast but does no damage.
Fire: a) +0 shortbow {bow}
Press: ? - help, Q - select action, (/) - cycle Shift-Dir - straight line, f/p - ice beast
Aim: an ice beast (heavily wounded, inner flame, 65% to hit)
You shoot an arrow. The arrow barely misses the ice beast.
The ice beast hits you but does no damage.
Fire: a) +0 shortbow {bow}
Press: ? - help, Q - select action, (/) - cycle Shift-Dir - straight line, f/p - ice beast
Aim: an ice beast (heavily wounded, inner flame, 65% to hit)
You shoot an arrow. The arrow closely misses the ice beast.
The ice beast hits you but does no damage.
Fire: a) +0 shortbow {bow}
Press: ? - help, Q - select action, (/) - cycle Shift-Dir - straight line, f/p - ice beast
Aim: an ice beast (heavily wounded, inner flame, 65% to hit)
You shoot an arrow. The arrow closely misses the ice beast.
The ice beast hits you but does no damage.
Fire: a) +0 shortbow {bow}
Press: ? - help, Q - select action, (/) - cycle Shift-Dir - straight line, f/p - ice beast
Aim: an ice beast (heavily wounded, inner flame, 65% to hit)
You shoot an arrow. The arrow hits the ice beast!
The ice beast explodes!
The fiery explosion engulfs you!!
Ouch! That really hurt!
* * * LOW HITPOINT WARNING * * *
You are engulfed in blazing flames.
Ouch! That really hurt!
You die...

Skill      XL: |  1  2  3 |
---------------+----------+-----
Ranged Weapons | 6 7 |  7.2
Fighting       | |  1.5
Dodging        | |  2.4
Stealth        | |  1.2

Action                   || total
-------------------------++-------
 Fire: Shortbow          ||    98
  Use: Scroll            ||     3
Armor: Leather armour    ||    11
Dodge: Dodged            ||    19

Levels and vault maps discovered:
D:1:      minmay_arrival_diagonal_passages, layout_rooms, minivault_24
D:2:      layout_loops_ring, basic_altar, uniq_crazy_yiuf_cottage
D:3:      layout_rooms, mainiacjoe_overflow_24_doors,
          ebering_ecumenical_altar_sacrificial, minivault_11, kennysheep_boxes,
          uniq_natasha
D:5:      layout_basic, marbit_many_paths, temple_pool_b
Temple:   pdpol_scorched_temple

Notes
Turn   | Place    | Note
-------+----------+-------------------------------------------
     0 | D:1      | Sobieck the Deep Elf Hunter began the quest for the Orb.
     0 | D:1      | Reached XP level 1. HP: 12/12 MP: 3/3
    32 | D:1      | You pick up a book of Spatial Translocations and begin
                  | reading...
    32 | D:1      | You add the spells Blink, Momentum Strike and Lesser
                  | Beckoning to your library.
   100 | D:1      | Reached XP level 2. HP: 16/16 MP: 4/4
   101 | D:1      | Reached skill level 6 in Ranged Weapons
   302 | D:1      | You pick up a book of Touch and begin reading...
   302 | D:1      | You add the spells Kiss of Death, Confusing Touch and
                  | Dispel Undead to your library.
   457 | D:1      | Reached XP level 3. HP: 20/20 MP: 5/5
   563 | D:2      | Reached skill level 7 in Ranged Weapons
   610 | D:2      | You pick up a book of Cantrips and begin reading...
   610 | D:2      | You add the spells Necrotise, Summon Small Mammal and
                  | Apportation to your library.
   723 | D:2      | Found a white marble altar of Elyvilon.
  1050 | D:2      | Found a runed translucent door.
  1051 | D:2      | Noticed Crazy Yiuf
  1249 | D:3      | You fall into a shaft and drop 2 floors!
  1249 | D:5      | Entered Level 5 of the Dungeon
  1257 | D:5      | Found a staircase to the Ecumenical Temple.
  1257 | D:5      | Noticed an ogre
  1257 | D:5      | Noticed an ice beast
  1285 | Temple   | Entered the Ecumenical Temple
  1360 | D:5      | Killed an ice beast
  1360 | D:5      | HP: 2/20 [spore (18)]
  1360 | D:5      | Engulfed by a cloud of flame

Vanquished Creatures
  An ice beast (D:5)
  2 adders (D:2)
  8 ball pythons
  2 endoplasms (D:1)
  2 giant cockroaches (D:1)
  7 goblins
  A hobgoblin (D:1)
  4 kobolds
  4 quokkas
  4 bats
  5 frilled lizards
  3 rats
43 creatures vanquished.

Vanquished Creatures (others)
  7 plants (D:3)
7 creatures vanquished.

Grand Total: 50 creatures vanquished

Table legend:
 A = Non-vault XP
 B = Vault XP
 C = Vault XP percentage of total XP
 D = Non-vault monster count
 E = Vault monster count
 F = Vault count percentage of total count
                 A         B        C        D         E       F
            +---------+---------+-------+---------+---------+-------
      Total |     208 |       0 |   0.0 |      43 |       0 |   0.0
            +---------+---------+-------+---------+---------+-------
        D:1 |      41 |       0 |   0.0 |      27 |       0 |   0.0
        D:2 |      40 |       0 |   0.0 |      12 |       0 |   0.0
        D:3 |       3 |       0 |   0.0 |       3 |       0 |   0.0
        D:5 |     124 |       0 |   0.0 |       1 |       0 |   0.0
            +---------+---------+-------+---------+---------+-------

Illustrated notes

Table legend:
 A = Kills in this place as a percentage of kills in entire the game.
 B = Kills by you in this place as a percentage of kills by you in the entire game.
 C = Kills by friends in this place as a percentage of kills by friends in the entire game.
 D = Other kills in this place as a percentage of other kills in the entire game.
 E = Experience gained in this place as a percentage of experience gained in the entire game.
 F = Experience gained in this place divided by the number of levels of this place that you have seen.
                   A       B       C       D       E      F
               +-------+-------+-------+-------+-------+----------------------
         Total | 100.0 | 100.0 |   N/A |   N/A | 100.0 |  41.6
       Dungeon | 100.0 | 100.0 |   N/A |   N/A | 100.0 |  52.0
               +-------+-------+-------+-------+-------+----------------------

Table legend: (Time is in decaauts)
 A = Elapsed time spent in this place.
 B = Non-inter-level travel time spent in this place.
 C = Inter-level travel time spent in this place.
 D = Time resting spent in this place.
 E = Time spent auto-exploring this place.
 F = Levels seen in this place.
 G = Mean time per level.
                   A        B        C        D        E       F      G
               +--------+--------+--------+--------+--------+-----+--------+
         Total |   1383 |   1324 |     59 |     26 |   1029 |   5 |  276.6 |
       Dungeon |   1326 |   1267 |     59 |     26 |    995 |   4 |  331.5 |
        Temple |     56 |     56 |      0 |      0 |     34 |   1 |   56.0 |
               +--------+--------+--------+--------+--------+-----+--------+

Top non-repeatable levels by time:
     D:2: 642 daAuts
     D:1: 502 daAuts
     D:3: 126 daAuts
  Temple: 56 daAuts
     D:5: 55 daAuts
